cohdb
Replays
Latest Replays
All Replays
Popular Replays
Top Player Replays
Match Explorer
How It Works
Community
CoH3 Stats
Reddit
Sign in to upload your games and track your stats! →
Sign in with Steam
Match 40579591
Unlisted
Match 40579591
Overview
Messages
Build Orders
End
Kettenkrad Recon Vehicle
Selects Italian Coastal Battlegroup
Selects Coastal Reserves
Coastal Reserve
Coastal Reserve
Coastal Reserve
Coastal Reserve
MG 42 Bunker
Medical Station
Selects Artillery Officer
MG 42 Bunker
Construct Infanterie Kompanie
Coastal Reserve
Construct Luftwaffe Kompanie
MG 42 Bunker
MG 42 Bunker
Selects Obice da 210/22 Artillery Emplacement
Selects Support Bunkers
Selects Rapid Fortifications
Rapid Fortifications
Anti-tank Bunker
Kettenkrad Recon Vehicle
Petter
Unsafe
G3r0lf
FIVE FOOT RAT
ChristophHRO
Two Scars
0
0
Comments
sign in to comment!
No comments posted yet!